 Dungeon Crawl Stone Soup version 0.29-a0-340-g6efceafd81 (webtiles) character file.

Game seed: 15080057770499146044

807 siradein the Skirmisher (level 7, -2/57 HPs)
             Began as a Vine Stalker Berserker on Apr 19, 2022.
             Was a Priest of Trog.
             Succumbed to a gnoll's poison
             ... on level 5 of the Dungeon.
             The game lasted 00:17:09 (4480 turns).

siradein the Skirmisher (Vine Stalker Berserker)    Turns: 4480, Time: 00:17:09

Health: -2/57      AC: 16    Str: 25    XL:     7   Next: 92%
Magic:  3/8        EV: 10    Int:  7    God:    Trog [***...]
Gold:   158        SH:  0    Dex: 16    Spells: 6/6 levels left

rFire   . . .      SeeInvis .   i - +2 dagger (vamp)
rCold   . . .      Faith    .   (no shield)
rNeg    . . .      Spirit   +   m - +0 chain mail
rPois   .          Reflect  .   r - +1 helmet
rElec   .          Harm     .   y - +0 cloak
rCorr   .          Rampage  .   b - +0 pair of gloves
Will    .....                   g - +1 pair of boots
Stlth   ..........              (no amulet)
HPRegen 0.99/turn               w - +6 ring of strength
MPRegen 0.11/turn               (no ring)

@: berserking, lethally poisoned (-2 -> -22), very quick
A: fangs 2, regeneration 1, magic shield, antimagic bite, no potion heal 2
a: Renounce Religion, Berserk, Trog's Hand


You were on level 5 of the Dungeon.
You worshipped Trog.
Trog was most pleased with you.
You visited 1 branch of the dungeon, and saw 5 of its levels.

You collected 158 gold pieces.

Inventory:

Hand Weapons
 i - a +2 vampiric dagger (weapon)
Missiles
 n - 10 poisoned darts (quivered)
Armour
 b - a +0 pair of gloves (worn)
 g - a +1 pair of boots (worn)
 m - a +0 chain mail (worn)
 r - a +1 helmet (worn)
 y - a +0 cloak (worn)
Jewellery
 w - a +6 ring of strength (left hand)
Scrolls
 a - a scroll of torment {unknown}
 e - 2 scrolls of teleportation {unknown}
 f - 2 scrolls of fear {unknown}
 j - a scroll of enchant weapon {unknown}
 l - 3 scrolls of blinking {unknown}
 o - 2 scrolls of magic mapping {unknown}
 q - a scroll of enchant armour {unknown}
 s - a scroll of acquirement {unknown}
 u - a scroll of fog {unknown}
 v - a scroll of amnesia {unknown}
 x - a scroll of immolation {unknown}
Potions
 c - a potion of ambrosia
 d - a potion of cancellation
 h - 2 potions of invisibility {unknown}
 k - a potion of resistance
 p - a potion of curing {unknown}
 t - a potion of attraction {unknown}


   Skills:
 + Level 4.7 Fighting
 + Level 4.7 Short Blades
 + Level 3.8 Armour
 + Level 3.8 Dodging


You had 6 spell levels left.
You didn't know any spells.
Your spell library was empty.

Dungeon Overview and Level Annotations

Branches:
Dungeon (5/15)
 Temple: D:4-7

Altars:
Ashenzari
Elyvilon
Gozag
Hepliaklqana
Uskayaw
Vehumet
Xom
The Shining One

Shops:
D:2 (


Innate Abilities, Weirdness & Mutations

You have extremely sharp teeth.
Your natural rate of healing is unusually fast.
When hurt, damage is shared between your health and your magic reserves.
Your bite disrupts and absorbs the magic of your enemies.
Potions cannot restore your health.


Message History

The gnoll is lightly wounded.
You feel sick.
The gnoll drinks a potion.
The gnoll seems to grow stronger.
You hit the gnoll but do no damage.
The gnoll is lightly wounded.
You feel sick.
The gnoll hits you with a +1 halberd of venom!
You are more poisoned.
You hit the gnoll.
You feel better.
The gnoll is moderately wounded.
You feel very sick.
You hit the gnoll but do no damage. Your bite misses the gnoll.
The gnoll is moderately wounded.
You feel sick.
The gnoll hits you with a +1 halberd of venom!
You are lethally poisoned!
You are too injured to fight recklessly!
You are too injured to fight recklessly!
You are too injured to fight recklessly!
A red film seems to cover your vision as you go berserk!
You feel yourself moving faster!
You feel mighty!
* * * LOW HITPOINT WARNING * * *
You feel extremely sick.
The gnoll hits you with a +1 halberd of venom.
* * * LOW HITPOINT WARNING * * *
You are more poisoned.
You barely miss the gnoll. Your bite misses the gnoll.
The gnoll is moderately wounded.
* * * LOW HITPOINT WARNING * * *
You feel very sick. The gnoll barely misses you.
You hit the gnoll. Your bite misses the gnoll.
The gnoll is severely wounded.
* * * LOW HITPOINT WARNING * * *
You feel very sick.
You puncture the gnoll!
You kill the gnoll!
Trog accepts your kill.
* * * LOW HITPOINT WARNING * * *
You feel very sick.
You die...

####.......##
#........#..#
#.##.......##
#.###.....##
#.# ##[..##
#.# ##.## #.#
#.##### #.#
#.....#######
#.#
#####@.>.....
#.# #..######
#..# #..#
#..# #.!#
#... ####


There were no monsters in sight!

Vanquished Creatures
  A water moccasin (D:3)
  2 ogres
  A kobold brigand (D:5)
  A gnoll shaman (D:4)
  A hound (D:4)
  A jelly (D:4)
  Crazy Yiuf (D:2)
  Ijyb (D:3)
  Natasha (thrice) (D:3)
  An iguana (D:4)
  9 adders
  5 gnolls (D:5)
  A white imp (D:5)
  An ufetubus (D:3)
  2 dart slugs (D:1)
  10 orcs
  4 ball pythons
  6 bats
  An endoplasm (D:1)
  5 giant cockroaches
  6 goblins
  4 hobgoblins
  2 jackals (D:2)
  10 kobolds
  4 quokkas
  3 frilled lizards
  2 rats (D:1)
88 creatures vanquished.

Notes
Turn   | Place    | Note
-------+----------+-------------------------------------------
     0 | D:1      | siradein the Vine Stalker Berserker began the quest for the
                  | Orb.
     0 | D:1      | Reached XP level 1. HP: 11/11 MP: 2/2
   536 | D:1      | Reached XP level 2. HP: 16/16 MP: 3/3
  1105 | D:1      | Reached XP level 3. HP: 19/20 MP: 4/4
  1413 | D:2      | Found a faded altar of an unknown god.
  1430 | D:2      | Found Orghan's Weapon Shop.
  1454 | D:2      | Reached ** piety under Trog
  1739 | D:2      | Found a runed translucent door.
  1740 | D:2      | Noticed Crazy Yiuf
  2026 | D:3      | Gained mutation: Your natural rate of healing is unusually
                  | fast. [Vine Stalker growth]
  2026 | D:3      | Reached XP level 4. HP: 15/24 MP: 5/5
  2258 | D:3      | Noticed Ijyb
  2276 | D:3      | Killed Ijyb
  2429 | D:3      | Reached XP level 5. HP: 28/28 MP: 6/6
  2475 | D:3      | Noticed Natasha
  2485 | D:3      | Killed Natasha
  2511 | D:3      | Noticed a water moccasin
  2523 | D:3      | Killed a water moccasin
  2524 | D:3      | Reached XP level 6. HP: 21/33 MP: 4/7
  2560 | D:3      | Found a white marble altar of Elyvilon.
  2560 | D:3      | Found a radiant altar of Vehumet.
  2560 | D:3      | Found a broken altar of Ashenzari.
  2560 | D:3      | Found a hazy altar of Hepliaklqana.
  2573 | D:3      | Found a shimmering altar of Xom.
  2575 | D:3      | Found a hide-covered altar of Uskayaw.
  2732 | D:3      | Noticed Natasha
  2743 | D:3      | Killed Natasha
  2907 | D:3      | Noticed Natasha
  2913 | D:3      | Killed Natasha
  3168 | D:3      | Found a radiant altar of Vehumet.
  3168 | D:3      | Found a white marble altar of Elyvilon.
  3168 | D:3      | Found a hazy altar of Hepliaklqana.
  3168 | D:3      | Found a broken altar of Ashenzari.
  3174 | D:3      | Found a hide-covered altar of Uskayaw.
  3174 | D:3      | Found a shimmering altar of Xom.
  3318 | D:4      | Found an opulent altar of Gozag.
  3379 | D:4      | Reached XP level 7. HP: 28/37 MP: 5/8
  3642 | D:4      | Found a glowing golden altar of the Shining One.
  3693 | D:4      | Reached *** piety under Trog
  4033 | D:5      | Entered Level 5 of the Dungeon
  4175 | D:2      | Killed Crazy Yiuf
  4195 | D:2      | Identified the +4 mace "Zeyxoruo" {spect, Drain rF++ rC+}
  4479 | D:5      | HP: 1/57 [poisoned by a gnoll]
  4480 | D:5      | Succumbed to a gnoll's poison

Illustrated notes

Levels and vault maps discovered:
D:1:      giann_horns, layout_basic
D:2:      layout_basic, serial_shops, shop_fountains,
          shapermc_ecumenical_altar_mp_vishouse, kennysheep_generic_room_8,
          uniq_crazy_yiuf_cottage
D:3:      layout_basic, minmay_overflow_temple_hex, minmay_ruptured,
          uniq_natasha, uniq_ijyb
D:4:      layout_rooms, nicolae_tso_swordbearing_angel, grunt_gozag_statues,
          kennysheep_generic_room_16
D:5:      layout_loops_ring

Skill      XL: |  1  2  3  4  5  6 |
---------------+-------------------+-----
Fighting       | 3 4 |  4.7
Short Blades   | 3 4 |  4.7
Dodging        | 2 3 |  3.8
Armour         | 2 3 |  3.8

Action                   |  1- 3 |  4- 6 |  7- 9 || total
-------------------------+-------+-------+-------++-------
Melee: Short sword       |    68 |       |       ||    68
       Bite              |    28 |    46 |    40 ||   114
       Dagger            |    68 |   126 |   139 ||   333
       Punch             |     1 |     2 |     5 ||     8
Invok: Berserk           |       |     1 |     2 ||     3
  Use: Scroll            |       |     4 |     2 ||     6
Armor: Animal skin       |    24 |       |       ||    24
       Chain mail        |    41 |    75 |    54 ||   170
Dodge: Dodged            |    68 |    51 |    66 ||   185

Table legend: (Time is in decaauts)
 A = Elapsed time spent in this place.
 B = Non-inter-level travel time spent in this place.
 C = Inter-level travel time spent in this place.
 D = Time resting spent in this place.
 E = Time spent auto-exploring this place.
 F = Levels seen in this place.
 G = Mean time per level.
                   A        B        C        D        E       F      G
               +--------+--------+--------+--------+--------+-----+--------+
         Total |   4434 |   4236 |    198 |    136 |   3281 |   5 |  886.8 |
       Dungeon |   4434 |   4236 |    198 |    136 |   3281 |   5 |  886.8 |
               +--------+--------+--------+--------+--------+-----+--------+

Top non-repeatable levels by time:
     D:3: 1553 daAuts
     D:1: 1360 daAuts
     D:4: 828 daAuts
     D:2: 504 daAuts
     D:5: 187 daAuts
